 Dungeon Crawl Stone Soup version 0.28.0-53-g5a82cb258f (webtiles) character file.

Game seed: 17802160237042623868

51 ILmort the Grave Robber (level 3, 0/24 HPs)
             Began as a Demonspawn Necromancer on Aug 5, 2022.
             Slain by a gnoll
             ... wielding a +0 spear
              (8 damage)
             ... on level 2 of the Dungeon.
             The game lasted 00:04:24 (2066 turns).

ILmort the Grave Robber (Demonspawn Necromancer)    Turns: 2066, Time: 00:04:24

Health: 0/24       AC:  2    Str:  8    XL:     3   Next: 58%
Magic:  0/7        EV: 12    Int: 18    God:
Gold:   18         SH:  0    Dex: 13    Spells: 6/7 levels left

rFire   . . .      SeeInvis .   d - +0 dagger
rCold   . . .      Faith    .   (no shield)
rNeg    . . .      Spirit   .   a - +0 robe
rPois   .          Reflect  .   (no helmet)
rElec   .          Harm     .   (no cloak)
rCorr   .          Rampage  .   (no gloves)
Will    .....                   (no boots)
Stlth   ++........              (no amulet)
HPRegen 0.08/turn               (no ring)
MPRegen 0.20/turn               (no ring)

@: no status effects
A: magic regeneration
a: no special abilities


You were on level 2 of the Dungeon.
You visited 1 branch of the dungeon, and saw 2 of its levels.

You collected 18 gold pieces.

Inventory:

Hand Weapons
 d - a +0 dagger (weapon)
Armour
 a - a +0 robe (worn)
Scrolls
 e - a scroll of vulnerability
Potions
 b - a potion of might {unknown}
 f - a potion of curing {unknown}
 i - a potion of attraction {unknown}


   Skills:
 - Level 2.0 Dodging
 - Level 2.0 Stealth
 + Level 2.8 Spellcasting
 + Level 5.0 Necromancy


You had 6 spell levels left.
You knew the following spells:

 Your Spells              Type           Power      Damage    Failure   Level
a - Pain                  Necr           80%        1d8       1%          1

Your spell library contained the following spells:

 Spells                   Type           Power      Damage    Failure   Level
 Animate Skeleton         Necr           40%        N/A       1%          1
 Vampiric Draining        Necr           20%        2d7       6%          3
 Animate Dead             Necr           10%        N/A       21%         4
 Gell's Gravitas          Tloc           2%         N/A       45%         3
 Teleport Other           Tloc           2%         N/A       45%         3
 Agony                    Necr           20%        N/A       50%         5
 Dispersal                Tloc           1%         N/A       100%        6


Dungeon Overview and Level Annotations

Branches:
Dungeon (2/15)

Altars:


Innate Abilities, Weirdness & Mutations

You regenerate magic rapidly.


Message History

Press: ? - help, Shift-Dir - straight line, f/p - gnoll
Aim: a gnoll, wielding a +0 whip (almost dead, chance to affect: 84%)
The bat writhes in agony!
You kill the bat!
The bat hits you but does no damage.
Your Necromancy skill increases to level 5!
Casting: Pain (safe; 2% risk of failure)
Confirm with . or Enter, or press ? or * to list all spells.
Aiming: Pain (safe; 2% risk of failure)
Press: ? - help, Shift-Dir - straight line, f/p - gnoll
Aim: a gnoll, wielding a +0 whip (almost dead, chance to affect: 84%)
The bat writhes in agony.
You kill the bat!
Casting: Pain (safe; 2% risk of failure)
Confirm with . or Enter, or press ? or * to list all spells.
Aiming: Pain (safe; 2% risk of failure)
Press: ? - help, Shift-Dir - straight line, f/p - gnoll
Aim: a gnoll, wielding a +0 whip (almost dead, chance to affect: 84%)
The gnoll writhes in agony!
You kill the gnoll!
The gnoll barely misses you.
Casting: Pain (safe; 1% risk of failure)
Confirm with . or Enter, or press ? or * to list all spells.
Aiming: Pain (safe; 1% risk of failure)
Press: ? - help, Shift-Dir - straight line, f - endoplasm
Aim: an endoplasm (chance to affect: 89%)
The endoplasm writhes in agony.
The gnoll barely misses you.
The endoplasm hits you but does no damage.
Casting: Pain (safe; 1% risk of failure)
Confirm with . or Enter, or press ? or * to list all spells.
You don't have enough magic to cast this spell.
Unknown command.
You hit the endoplasm but do no damage.
The endoplasm is almost dead.
The gnoll hits you from afar with a +0 spear!
The endoplasm completely misses you.
You hit the endoplasm but do no damage.
The endoplasm is severely wounded.
The gnoll hits you from afar with a +0 spear!
You die... #...# ##...# ##....# # .....###.# ......#. gg....

#J##.# #@##.#######
#...........
####.##...###### #
...............####.##
####.##.######.#......
# #.# #........ #.#
#.#.##.## #.# #.#.##.#
#.# #.#.##.#


You could see 2 gnolls and an endoplasm.

Vanquished Creatures
  A gnoll (D:2)
  An adder (D:2)
  A dart slug (D:1)
  2 endoplasms
  A giant cockroach (D:1)
  5 hobgoblins
  A kobold (D:2)
  A quokka (D:1)
  5 ball pythons (D:1)
  2 bats (D:2)
  3 frilled lizards (D:1)
  3 goblins
  7 rats
33 creatures vanquished.

Notes
Turn   | Place    | Note
-------+----------+-------------------------------------------
     0 | D:1      | ILmort the Demonspawn Necromancer began the quest for the
                  | Orb.
     0 | D:1      | Reached XP level 1. HP: 13/13 MP: 3/3
   440 | D:1      | Gained mutation: You regenerate magic rapidly. [demonic
                  | ancestry]
   440 | D:1      | Reached XP level 2. HP: 17/19 MP: 1/5
  1794 | D:2      | Reached XP level 3. HP: 13/24 MP: 6/6
  2062 | D:2      | Reached skill level 5 in Necromancy
  2066 | D:2      | Slain by a gnoll

Illustrated notes

Levels and vault maps discovered:
D:1:      dpeg_arrival_castle, layout_basic, hex_large, minmay_misc_feat_rugged
D:2:      layout_loops_ring, minmay_pentomino_x2

Skill      XL: |  1  2  3 |
---------------+----------+-----
Stealth        | 2 |  2.0
Dodging        | 2 |  2.0
Necromancy     | 5 |  5.0
Spellcasting   | |  2.8

Action                   || total
-------------------------++-------
Melee: Dagger            ||    45
 Cast: Pain              ||    40
  Use: Scroll            ||     4
 Stab: Sleeping          ||     2
Armor: Robe              ||     7
Dodge: Dodged            ||    25
